 Dungeon Crawl Stone Soup version 0.20.1-1-g8b1a95d (webtiles) character file.

170925 Morg0th the Fighter (level 17, 0/140 HPs)
             Began as a Demonspawn Abyssal Knight on July 30, 2017.
             Was the Champion of Lugonu.
             Succumbed to a guardian serpent's bolt of poison
             ... on level 1 of the Snake Pit on Sept 3, 2017.
             The game lasted 03:48:51 (40352 turns).

Morg0th the Fighter (Demonspawn Abyssal Knight)    Turns: 40352, Time: 03:48:51

Health: 0/140      AC: 28    Str: 18    XL:     17   Next: 13%
Magic:  11/27      EV: 13    Int: 18    God:    Lugonu [******]
Gold:   2611       SH:  3    Dex: 17    Spells: 27/30 levels left

rFire    + . .     SeeInvis +   a - +2 great mace (crush)
rCold    + + .     Gourm    .   (shield currently unavailable)
rNeg     + . .     Faith    .   Y - +2 plate armour {rPois}
rPois    +         Spirit   +   D - +0 helmet
rElec    .         Reflect  +   f - +3 cloak of Autotheism {rC++}
rCorr    .         Harm     .   p - +2 pair of gloves of Wrong Decisions {Int+4}
MR       +....                  V - +0 pair of boots
Stlth    ..........             o - +3 amulet of reflection
Regen    0.4/turn               I - ring of see invisible
MPRegen  0.4/turn               r - ring "Ezomi" {rF+ rN+ Dex+3}

@: lethally poisoned (0 -> -41), slowed, very slow
A: talons 2, spiny 2, magic shield, magic regeneration, sturdy frame 3
}: 1/15 runes: decaying
a: Depart the Abyss, Bend Space, Banish, Corrupt, Enter the Abyss, Brand Weapon
With Distortion, Renounce Religion


You were on level 1 of the Snake Pit.
You worshipped Lugonu.
Lugonu was exalted by your worship.
You were hungry.

You visited 9 branches of the dungeon, and saw 33 of its levels.
You visited the Abyss 1 time.

You collected 3054 gold pieces.
You spent 443 gold pieces at shops.

Inventory:

Hand Weapons
 a - a +2 great mace of crushing (weapon)
 b - the +0 shortbow of the Secret Dreams {freeze, Dex+4}
   (You found it on level 5 of the Lair of Beasts)

   It causes projectiles fired from it to freeze those they strike, causing
   extra injury to most foes and up to half again as much damage against
   particularly susceptible opponents.
   They can also slow down cold-blooded creatures.
   It affects your dexterity (+4).
 h - a +2 demon whip of freezing
 P - a +0 flail of venom
Missiles
 g - 503 arrows
Armour
 f - the +3 cloak of Autotheism (worn) {rC++}
   (You acquired it on level 1 of the Lair of Beasts)

   It greatly protects you from cold.
 p - the +2 pair of gloves of Wrong Decisions (worn) {Int+4}
   (You found it on level 2 of the Lair of Beasts)

   It affects your intelligence (+4).
 D - a +0 helmet (worn)
 N - a +1 shield of protection
 V - a +0 pair of boots (worn)
 Y - a +2 plate armour of poison resistance (worn)
Jewellery
 o - a +3 amulet of reflection (around neck)
 r - the ring "Ezomi" (right hand) {rF+ rN+ Dex+3}
   (You found it on level 2 of the Lair of Beasts)

   [ring of positive energy]

   It affects your dexterity (+3).
   It protects you from fire.
   It protects you from negative energy.
 u - an uncursed amulet of rage
 w - an uncursed ring of flight
 F - a cursed -2 ring of dexterity {unknown}
 I - a ring of see invisible (left hand)
Wands
 l - a wand of confusion (21/48)
 m - a wand of polymorph (12/24)
 v - a wand of clouds (6/9)
 x - a wand of iceblast (1/15)
 z - a wand of acid (6/15)
 O - a wand of flame (1/48)
 Q - a wand of digging (16/24)
 W - a wand of disintegration (6/24)
Scrolls
 i - 6 scrolls of magic mapping
 j - 3 scrolls of teleportation
 k - 3 scrolls of identify
 s - 3 scrolls of fear
 y - a scroll of blinking
 A - a scroll of silence {unknown}
 B - 7 scrolls of remove curse
 C - a scroll of recharging
 S - 2 scrolls of fog
Potions
 e - 2 potions of haste
 n - 2 potions of invisibility
 q - 8 potions of curing
 t - 2 potions of might
 H - a potion of resistance
 U - 5 potions of heal wounds
 X - a potion of cancellation
Comestibles
 c - 10 bread rations
 d - 12 fruits
 E - 10 meat rations
 G - 10 royal jellies


   Skills:
 + Level 14.5 Fighting
 - Level 14.0 Maces & Flails
 + Level 7.3 Bows
 - Level 1.0 Throwing
 - Level 11.0 Armour
 + Level 9.0 Dodging
 - Level 6.0 Stealth
 + Level 7.2 Spellcasting
 + Level 7.3 Conjurations
 + Level 6.6 Translocations
 - Level 7.1 Invocations
 - Level 7.0 Evocations


You had 27 spell levels left.
You knew the following spells:

 Your Spells              Type           Power        Failure   Level  Hunger
a - Blink                 Tloc           N/A          4%          2    None
b - Magic Dart            Conj           ####         1%          1    None


Dungeon Overview and Level Annotations

Branches:
Dungeon (15/15)            Temple (1/1) D:4            Lair (6/6) D:10
  Swamp (4/4) Lair:3        Snake (2/4) Lair:4        Slime (1/5) Lair:5
    Orc (2/2) D:9             Elf (1/3) Orc:2        Vaults (0/5) D:13
 Depths (1/5) D:15

Altars:
Ashenzari
Cheibriados
Dithmenos
Elyvilon
Fedhas
Gozag
Hepliaklqana
Kikubaaqudgha
Makhleb
Nemelex Xobeh
Okawaru
Qazlal
Ru
Sif Muna
Trog
Uskayaw
Vehumet
Xom
Yredelemnul
Zin
The Shining One
Beogh

Shops:
D:7 ?   D:9 (   D:12 [   Orc:1 ![[*   Orc:2 =*([   Snake:1 %=}=

Annotations:
D:4 exclusion: oklob plant
D:15 exclusion: ice statue
Lair:1 exclusion: oklob plant
Swamp:4 corrupted
Elf:1 Louise
Abyss:1 Saint Roka


Innate Abilities, Weirdness & Mutations

You have razor-sharp toenails.
You are mostly covered in sharp spines.
When hurt, damage is shared between your health and your magic reserves.
You regenerate magic rapidly.
Your movements are significantly less encumbered by armour. (ER -6)


Message History

* * * LOW HITPOINT WARNING * * *
You feel very sick.
The guardian serpent casts a spell at you.
The bolt of poison hits you! You resist.
* * * LOW HITPOINT WARNING * * *
The naga mage casts a spell.
The naga mage seems to speed up.
The guardian serpent casts a spell at you.
The bolt of poison hits you!
You are more poisoned.
You resist.
* * * LOW HITPOINT WARNING * * *
There is a stone staircase leading up here.
* * * LOW HITPOINT WARNING * * *
You feel extremely sick.
The naga ritualist's toxic aura wanes.
The guardian serpent casts a spell at you.
You feel as though you will be slow longer.
You climb upwards.
You die...

# #.....# ##.##...##...####....#
# #.....# ##.#...#......#...###
## #.....# ##....###........#
.#####.....## ##.#### ##......##
............# #..# ##.....####
.###..####..####.## #.......#.
.# ##..##.....##..### #........#
##
#...............######)...[[...
#
#............@......##.....(...
##
##.#######..................(.##
.###..##
##..#.....###...##...####
..##...####..###..### ##.###.)##
..............##..# #.# ##(#
........P......##.# #.# #(##
#..#####.......##.## ##.# #..###
##.#
##...P...###.####..####..#.#
#.##
#........##....##..........#


There were no monsters in sight!

Vanquished Creatures
  Kirke (Lair:5)
  2 thorn hunters (Swamp:4)
  A nagaraja (Snake:2)
  The ghost of equalderp2856 the Severer, a journeyman MiFi (Snake:1)
  A frost giant (shapeshifter) (D:15)
  3 dire elephants (Lair:6)
  Snorg (Orc:1)
  Josephine (D:12)
  5 ogre magi
  9 hydras
  A rakshasa (D:12)
  Harold (Orc:2)
  3 ghost crabs
  3 naga warriors (Snake:1)
  The ghost of Agrougrou the Unseen, a journeyman SpAs of Okawaru (D:13)
  4 centaur warriors
  Erica (D:11)
  23 two-headed ogres
  2 tengu warriors
  3 death yaks
  2 anacondas
  6 alligators
  3 naga sharpshooters
  A deep troll earth mage (D:15)
  2 shock serpents (Snake:1)
  Nergalle (D:10)
  4 unseen horrors
  A shadow wraith (D:13)
  9 swamp dragons
  3 spriggan druids
  2 deep trolls
  A lindwurm (D:13)
  A shambling mangrove (Swamp:4)
  4 orc knights
  A mana viper (Snake:2)
  A wolf spider (D:15)
  3 salamanders (Snake:1)
  2 deep elf magi
  2 ugly things (D:11)
  4 cyclopes
  15 elephants
  3 orc sorcerers
  10 black mambas
  4 naga magi (Snake:1)
  A guardian serpent (Snake:1)
  A water nymph (shapeshifter) (D:15)
  24 spiny frogs
  2 centaur zombies
  2 centaur skeletons
  Psyche (D:9)
  9 komodo dragons
  4 rime drakes
  3 tengu conjurers
  2 efreet
  A queen bee (D:11)
  8 trolls
  4 tyrant leeches
  14 blink frogs
  5 hornets
  7 dream sheep (Lair:4)
  A hornet (shapeshifter) (D:13)
  A polar bear (Lair:3)
  A raiju (shapeshifter) (D:15)
  5 hippogriffs
  A meliai zombie (D:13)
  14 slime creatures
  3 bog bodies
  2 vampires
  3 redbacks (D:13)
  83 yaks
  5 shadows
  A yak (shapeshifter) (D:13)
  4 wraiths
  3 spriggans
  A hog (Lair:5)
  3 wyverns
  7 basilisks
  2 hungry ghosts
  16 vampire mosquitoes
  4 insubstantial wisps (Swamp:4)
  10 nagas
  An acid dragon (D:12)
  4 wargs
  A soldier ant (D:13)
  17 swamp worms
  11 water moccasins
  10 porcupines
  4 sky beasts
  10 swamp drakes
  34 orc warriors
  An eye of draining (D:14)
  5 ice beasts
  2 black bears
  2 necrophages
  16 ogres
  4 phantoms
  26 wolves
  13 centaurs
  11 crocodiles
  2 big kobolds
  18 bullfrogs
  A wyvern skeleton (D:11)
  6 scorpions
  26 killer bees
  8 wights
  6 howler monkeys
  3 electric eels
  5 crimson imps
  3 hounds
  30 orc priests
  A bullfrog zombie (D:7)
  3 jellies
  38 orc wizards
  3 iguanas
  12 worker ants
  A hound zombie (D:9)
  A hound skeleton (D:10)
  9 gnolls
  11 adders
  3 shadow imps
  An adder skeleton (D:5)
  A dart slug (D:1)
  A leopard gecko (D:10)
  100 orcs
  A ball python (D:2)
  3 giant cockroaches
  7 goblins
  11 hobgoblins
  6 jackals
  4 quokkas
  12 bats
  6 frilled lizards
  A goblin zombie (D:5)
  A jackal zombie (D:5)
  16 kobolds
  A leopard gecko zombie (D:6)
  6 rats
  A butterfly (Lair:1)
  4 fungi (D:8)
  3 plants (Lair:6)
958 creatures vanquished.

Vanquished Creatures (others)
  Roxanne (Swamp:4)
  8 hydras
  An orc high priest (Orc:2)
  2 spriggans (Swamp:4)
  An unseen horror (D:15)
  5 swamp dragons (Swamp:4)
  A hornet (Swamp:4)
  5 humans (Lair:5)
  3 swamp drakes (Swamp:4)
  15 fungi
  18 plants
  23 starspawn tentacles (Swamp:4)
83 creatures vanquished.

Grand Total: 1041 creatures vanquished

Notes
Turn   | Place    | Note
-------+----------+-------------------------------------------
     0 | Abyss:1  | Morg0th the Demonspawn Abyssal Knight began the quest for the Orb.
     0 | Abyss:1  | Reached XP level 1. HP: 18/18 MP: 2/2
    51 | Abyss:1  | Noticed a large abomination
    62 | D:1      | Escaped the Abyss
   168 | D:1      | Reached skill level 2 in Maces & Flails
   192 | D:1      | Gained mutation: You have sharp toenails. [demonic ancestry]
   192 | D:1      | Reached XP level 2. HP: 23/24 MP: 3/3
   294 | D:1      | Reached ** piety under Lugonu
   311 | D:2      | Gained mutation: You are partially covered in sharp spines. [demonic ancestry]
   311 | D:2      | Reached XP level 3. HP: 27/30 MP: 4/4
   640 | D:2      | Reached skill level 4 in Fighting
   785 | D:3      | Reached XP level 4. HP: 37/37 MP: 5/5
   848 | D:3      | Reached skill level 3 in Maces & Flails
   869 | D:5      | Entered Level 5 of the Dungeon
  1343 | D:3      | Reached skill level 2 in Armour
  2028 | D:3      | Reached *** piety under Lugonu
  2028 | D:3      | Gained mutation: When hurt, damage is shared between your health and your magic reserves. [demonic ancestry]
  2028 | D:3      | Reached XP level 5. HP: 35/43 MP: 6/6
  2508 | D:4      | Found a staircase to the Ecumenical Temple.
  2518 | Temple   | Entered the Ecumenical Temple
  2770 | D:4      | Reached skill level 3 in Armour
  2772 | D:4      | Gained mutation: Your movements are slightly less encumbered by armour. (ER -2) [demonic ancestry]
  2772 | D:4      | Reached XP level 6. HP: 20/50 MP: 3/7
  3112 | D:4      | Found a blossoming altar of Fedhas.
  3132 | D:4      | Noticed an oklob plant
  3355 | D:4      | Reached skill level 4 in Maces & Flails
  3358 | D:4      | Reached skill level 5 in Fighting
  3411 | D:5      | Reached skill level 4 in Armour
  3414 | D:5      | Reached XP level 7. HP: 14/56 MP: 1/8
  4387 | D:6      | Reached skill level 5 in Maces & Flails
  4387 | D:6      | Reached skill level 5 in Armour
  4786 | D:5      | Found an iron altar of Okawaru.
  4790 | D:5      | Reached **** piety under Lugonu
  4981 | D:6      | Gained mutation: You regenerate magic rapidly. [demonic ancestry]
  4981 | D:6      | Reached XP level 8. HP: 64/64 MP: 9/9
  5372 | D:6      | Found a stormy altar of Qazlal.
  5477 | D:7      | Found Xyru Kikh's Magic Scroll Shoppe.
  5489 | D:7      | Bought a scroll of noise for 13 gold pieces
  5489 | D:7      | Bought a scroll of immolation for 45 gold pieces
  5495 | D:7      | Bought a scroll of identify for 26 gold pieces
  5542 | D:7      | Reached skill level 6 in Fighting
  5542 | D:7      | Reached skill level 6 in Maces & Flails
  5650 | D:7      | Reached skill level 6 in Armour
  6023 | D:8      | Reached skill level 7 in Maces & Flails
  6042 | D:8      | Gained mutation: You are mostly covered in sharp spines. [demonic ancestry]
  6042 | D:8      | Reached XP level 9. HP: 38/71 MP: 5/10
  6483 | D:9      | Found a stormy altar of Qazlal.
  6720 | D:8      | Reached skill level 7 in Fighting
  6916 | D:8      | Learned a level 2 spell: Blink
  6954 | D:9      | Reached skill level 7 in Armour
  7045 | D:9      | Reached skill level 8 in Maces & Flails
  7052 | D:9      | Found a staircase to the Orcish Mines.
  7090 | Orc:1    | Entered Level 1 of the Orcish Mines
  7093 | Orc:1    | Found Qaeraed's Assorted Antiques.
  7366 | Orc:1    | Bought a scroll labeled EVIYZX TUKHIUSCH for 29 gold pieces
  7378 | Orc:2    | Entered Level 2 of the Orcish Mines
  7380 | Orc:2    | Noticed an orc knight
  7380 | Orc:2    | Noticed a troll
  7398 | D:9      | Found Omijuh's Antique Weapon Emporium.
  7422 | D:9      | Reached ***** piety under Lugonu
  7437 | D:9      | Reached skill level 1 in Evocations
  7454 | D:9      | Reached skill level 9 in Maces & Flails
  7460 | D:9      | Reached XP level 10. HP: 24/79 MP: 3/11
  7753 | D:9      | Noticed Psyche
  7760 | D:9      | Killed Psyche
  7760 | D:9      | Reached skill level 8 in Armour
  7887 | D:10     | Entered Level 10 of the Dungeon
  7976 | D:9      | Paralysed by a hornet for 2 turns
  8379 | D:9      | Noticed a cyclops
  8387 | D:9      | Found a sparkling altar of Nemelex Xobeh.
  9247 | D:10     | Noticed Nergalle
  9262 | D:10     | Killed Nergalle
  9262 | D:10     | Reached skill level 8 in Fighting
  9262 | D:10     | Reached skill level 10 in Maces & Flails
  9262 | D:10     | Reached skill level 9 in Armour
  9290 | D:10     | Noticed a two-headed ogre
  9623 | D:9      | Killed a cyclops
  9623 | D:9      | Reached skill level 2 in Evocations
 10112 | D:10     | Reached skill level 1 in Throwing
 10115 | D:10     | Found a staircase to the Lair.
 10192 | D:10     | Reached XP level 11. HP: 75/86 MP: 12/12
 10640 | D:10     | Killed a two-headed ogre
 10662 | D:10     | Reached skill level 3 in Evocations
 11358 | D:11     | Noticed a cyan ugly thing
 11371 | D:11     | Killed a cyan ugly thing
 11595 | D:10     | Reached skill level 10 in Armour
 11729 | D:10     | Noticed a two-headed ogre
 11738 | D:10     | Killed a two-headed ogre
 11738 | D:10     | Reached skill level 3 in Invocations
 12086 | Lair:1   | Entered Level 1 of the Lair of Beasts
 12548 | Lair:1   | Reached skill level 9 in Fighting
 12583 | Lair:1   | Identified Keproo's Guide on Conjuration and Moulding
 12632 | Lair:1   | Learned a level 1 spell: Magic Dart
 12761 | Lair:1   | Reached skill level 4 in Invocations
 12802 | Lair:1   | Noticed an oklob plant
 12825 | Lair:1   | Noticed a four-headed hydra
 12830 | Lair:1   | Reached skill level 11 in Maces & Flails
 12978 | Lair:1   | Killed a four-headed hydra
 12978 | Lair:1   | Reached skill level 5 in Invocations
 13005 | Lair:2   | Got a slimy steel ring
 13011 | Lair:1   | Identified the ring "Ezomi" {rF+ rN+ Dex+3} (You found it on level 2 of the Lair of Beasts)
 13170 | Lair:2   | Got a pair of encrusted gloves
 13197 | Lair:1   | Identified the +2 pair of gloves of Wrong Decisions {Int+4} (You found it on level 2 of the Lair of Beasts)
 13227 | Lair:1   | Reached skill level 6 in Invocations
 13469 | Lair:1   | Gained mutation: Your movements are less encumbered by armour. (ER -4) [demonic ancestry]
 13469 | Lair:1   | Reached XP level 12. HP: 91/96 MP: 16/16
 13747 | Lair:2   | Reached skill level 7 in Invocations
 13846 | Lair:2   | Identified 3 scrolls of acquirement
 13940 | Lair:2   | Reached skill level 1 in Dodging
 14103 | Lair:2   | Reached skill level 1 in Stealth
 14209 | Lair:2   | Reached skill level 10 in Fighting
 14209 | Lair:2   | Reached skill level 2 in Dodging
 14315 | Lair:3   | Reached skill level 2 in Stealth
 14544 | Lair:2   | You fall through a shaft!
 14622 | Lair:3   | Noticed a death yak
 14622 | Lair:3   | Noticed a death yak
 14649 | Lair:3   | Noticed a death yak
 14827 | Lair:1   | Killed a death yak
 14832 | Lair:1   | Reached skill level 3 in Dodging
 15046 | Lair:2   | Reached skill level 3 in Stealth
 15273 | Lair:3   | Reached skill level 12 in Maces & Flails
 15574 | Lair:3   | Reached skill level 4 in Dodging
 15574 | Lair:3   | Reached skill level 4 in Stealth
 15645 | Lair:3   | Noticed a six-headed hydra
 15657 | Lair:3   | Killed a six-headed hydra
 15657 | Lair:3   | Reached ****** piety under Lugonu
 15842 | Lair:3   | Reached XP level 13. HP: 59/105 MP: 13/18
 15851 | Lair:3   | Reached skill level 4 in Evocations
 16145 | Lair:3   | Found a staircase to the Swamp.
 16157 | Swamp:1  | Entered Level 1 of the Swamp
 16394 | Lair:4   | Reached skill level 11 in Fighting
 16593 | Lair:4   | Reached skill level 5 in Stealth
 16619 | Lair:4   | Reached skill level 5 in Dodging
 16689 | Lair:4   | Found a staircase to the Snake Pit.
 16811 | Lair:5   | Got a crystal shortbow
 16821 | Lair:4   | Identified the +0 shortbow of the Secret Dreams {freeze, Dex+4} (You found it on level 5 of the Lair of Beasts)
 17516 | Lair:5   | Noticed Kirke
 17516 | Lair:5   | Reached skill level 5 in Evocations
 17635 | Lair:5   | Killed Kirke
 17772 | Lair:6   | Entered Level 6 of the Lair of Beasts
 17957 | Lair:5   | Found a staircase to the Slime Pits.
 17969 | Slime:1  | Entered Level 1 of the Pits of Slime
 17969 | Slime:1  | Noticed an acid blob
 18152 | Lair:5   | Reached skill level 6 in Dodging
 18152 | Lair:5   | Reached skill level 6 in Stealth
 18987 | Lair:6   | Reached skill level 13 in Maces & Flails
 19115 | Lair:6   | Reached skill level 6 in Evocations
 19609 | Lair:6   | Gained mutation: You have razor-sharp toenails. [demonic ancestry]
 19609 | Lair:6   | Reached XP level 14. HP: 114/114 MP: 19/19
 19932 | Lair:6   | Reached skill level 12 in Fighting
 20088 | Orc:1    | Found Cunt's Antique Armour Boutique.
 20207 | Orc:1    | Found Hicuk's Antique Armour Shoppe.
 20312 | Orc:1    | Noticed Snorg
 20325 | Orc:1    | Killed Snorg
 20596 | Orc:2    | Reached skill level 7 in Dodging
 20644 | Orc:2    | Found a roughly hewn altar of Beogh.
 20658 | Orc:2    | Found Etaqun's Jewellery Shoppe.
 21055 | Orc:2    | Found a staircase to the Elven Halls.
 21124 | Orc:2    | Reached skill level 7 in Evocations
 21290 | Orc:2    | Found a roughly hewn altar of Beogh.
 21290 | Orc:2    | Found Cypoz's Assorted Antiques.
 21450 | Orc:2    | Found a roughly hewn altar of Beogh.
 21667 | Orc:2    | Found a roughly hewn altar of Beogh.
 21803 | Orc:2    | Found a roughly hewn altar of Beogh.
 21875 | Orc:2    | Found a roughly hewn altar of Beogh.
 22079 | Orc:2    | Noticed Saint Roka
 22325 | Orc:2    | Banished Saint Roka
 22408 | Elf:1    | Entered Level 1 of the Elven Halls
 22416 | Elf:1    | Noticed Louise
 22447 | Orc:2    | Found Cuott's Antique Weapon Shoppe.
 22447 | Orc:2    | Found a roughly hewn altar of Beogh.
 22450 | Orc:2    | Found Uwuibrof's Antique Armour Emporium.
 22581 | Orc:1    | Noticed Harold
 22604 | Orc:2    | Killed Harold
 22839 | Orc:1    | Found Colot's Distillery.
 22855 | Orc:1    | Bought 2 potions of heal wounds for 110 gold pieces
 22855 | Orc:1    | Bought a potion of heal wounds for 55 gold pieces
 22855 | Orc:1    | Bought a potion of heal wounds for 55 gold pieces
 22855 | Orc:1    | Bought a potion of haste for 110 gold pieces
 23053 | Orc:1    | Paralysed by an orc sorcerer for 2 turns
 23559 | D:11     | Reached skill level 8 in Dodging
 23749 | Lair:1   | Got an ichor-stained cloak
 23756 | Lair:1   | Identified the +3 cloak of Autotheism {rC++} (You acquired it on level 1 of the Lair of Beasts)
 24182 | D:11     | Noticed Erica
 24192 | D:11     | Killed Erica
 24192 | D:11     | Reached skill level 1 in Bows
 24805 | D:12     | Reached skill level 2 in Bows
 24908 | D:12     | Found an ancient bone altar of Kikubaaqudgha.
 25138 | D:12     | Found Dasalo's Antique Armour Shoppe.
 25342 | D:12     | Reached skill level 14 in Maces & Flails
 25385 | D:12     | Got a jewelled chain mail
 25395 | D:12     | Identified the cursed +1 chain mail of the Inquisitive Curses {rC+++ Dex+5} (You found it on level 12 of the Dungeon)
 25441 | D:13     | Noticed Josephine
 25450 | D:12     | Killed Josephine
 25827 | D:13     | Noticed Agrougrou's ghost (journeyman SpAs)
 25853 | D:13     | Killed Agrougrou's ghost
 25853 | D:13     | Reached skill level 13 in Fighting
 25853 | D:13     | Reached XP level 15. HP: 123/123 MP: 20/20
 25881 | D:13     | Paralysed by a hornet for 2 turns
 25961 | D:15     | Entered Level 15 of the Dungeon
 26117 | D:14     | Reached skill level 1 in Spellcasting
 26212 | D:13     | Reached skill level 1 in Conjurations
 26268 | D:13     | Reached skill level 3 in Bows
 26365 | D:13     | Reached skill level 11 in Armour
 26433 | D:13     | Reached skill level 1 in Translocations
 26456 | D:13     | Reached skill level 2 in Spellcasting
 26496 | D:13     | Reached skill level 2 in Conjurations
 26508 | D:13     | Reached skill level 2 in Translocations
 26879 | D:13     | Found a gate to the Vaults.
 27169 | D:14     | Reached skill level 3 in Spellcasting
 27279 | D:15     | Reached skill level 3 in Conjurations
 27284 | D:15     | Noticed a ghost moth
 27284 | D:15     | a spark wasp changed into a ghost moth
 27466 | D:14     | Reached skill level 4 in Bows
 27606 | D:14     | Reached skill level 3 in Translocations
 27710 | D:14     | Found a shadowy altar of Dithmenos.
 28562 | D:15     | Noticed a quicksilver dragon
 28562 | D:15     | a ghost moth changed into a quicksilver dragon
 28563 | D:15     | a quicksilver dragon changed into a dire elephant
 28567 | D:15     | Noticed a quicksilver dragon
 28567 | D:15     | a dire elephant changed into a quicksilver dragon
 28568 | D:15     | Noticed a shadow dragon
 28568 | D:15     | a quicksilver dragon changed into a shadow dragon
 28569 | D:15     | Noticed a quicksilver dragon
 28569 | D:15     | a shadow dragon changed into a quicksilver dragon
 28571 | D:15     | a quicksilver dragon changed into an iron troll
 28572 | D:15     | Noticed a frost giant
 28572 | D:15     | an iron troll changed into a frost giant
 28577 | D:15     | Noticed an azure jelly
 28577 | D:15     | a frost giant changed into an azure jelly
 28578 | D:15     | Noticed a frost giant
 28578 | D:15     | an azure jelly changed into a frost giant
 28580 | D:15     | Killed a frost giant
 28580 | D:15     | Reached skill level 4 in Spellcasting
 28583 | D:15     | Reached skill level 4 in Conjurations
 28669 | D:15     | Found a staircase to the Depths.
 28818 | D:15     | Paralysed by an ogre mage for 3 turns
 28994 | D:15     | Reached skill level 5 in Bows
 29052 | D:15     | Reached skill level 4 in Translocations
 29806 | D:15     | Reached XP level 16. HP: 125/132 MP: 23/23
 29994 | Depths:1 | Entered Level 1 of the Depths
 30001 | D:15     | Reached skill level 5 in Spellcasting
 30278 | Lair:3   | Reached skill level 5 in Conjurations
 32046 | Swamp:2  | Reached skill level 5 in Translocations
 32977 | Swamp:3  | Reached skill level 6 in Conjurations
 32982 | Swamp:3  | Reached skill level 14 in Fighting
 33139 | Swamp:3  | Reached skill level 6 in Bows
 33141 | Swamp:3  | Reached skill level 6 in Spellcasting
 33159 | Swamp:4  | Entered Level 4 of the Swamp
 34544 | Swamp:4  | Noticed Roxanne
 35274 | Swamp:4  | Corrupted Swamp:4
 35274 | Swamp:4  | Noticed a tentacled starspawn
 35275 | Swamp:4  | Noticed a tentacled starspawn
 35277 | Swamp:4  | Noticed a tentacled starspawn
 35280 | Swamp:4  | Reached skill level 6 in Translocations
 35293 | Swamp:4  | Noticed a tentacled starspawn
 35305 | Swamp:4  | Killed Roxanne
 35614 | Swamp:4  | Identified Roxanne's Handbook of Stones
 35638 | Swamp:4  | Noticed a thorn hunter
 35651 | Swamp:4  | Killed a thorn hunter
 36476 | Swamp:4  | Got a decaying rune of Zot
 36580 | Swamp:4  | Noticed a thorn hunter
 36588 | Swamp:4  | Killed a thorn hunter
 36792 | Snake:1  | Entered Level 1 of the Snake Pit
 37211 | Snake:1  | Found Kuguor's Food Shoppe.
 37379 | Snake:1  | Found Gukus's Jewellery Shop.
 37397 | Snake:1  | Found Boosmy's Gadget Emporium.
 37398 | Snake:1  | Found Uxorir's Jewellery Shop.
 37436 | Snake:1  | Noticed equalderp2856's ghost (journeyman MiFi)
 37846 | Snake:1  | Killed equalderp2856's ghost
 37846 | Snake:1  | Reached skill level 7 in Bows
 38271 | Snake:1  | Reached skill level 7 in Conjurations
 38666 | Snake:1  | Reached skill level 7 in Spellcasting
 38737 | Snake:1  | Gained mutation: Your movements are significantly less encumbered by armour. (ER -6) [demonic ancestry]
 38737 | Snake:1  | Reached XP level 17. HP: 126/140 MP: 24/27
 39513 | Snake:1  | You fall through a shaft!
 39814 | Snake:1  | Reached skill level 9 in Dodging
 40350 | Snake:2  | HP: 14/140 [guardian serpent/bolt of poison (3)]
 40352 | Snake:1  | Succumbed to a guardian serpent's bolt of poison

Skill      XL: |  1  2  3  4  5  6  7  8  9 10 11 12 13 14 15 16 17 |
---------------+----------------------------------------------------+-----
Maces & Flails | 2 3 4 5 7 9 10 11 12 13 14 | 14.0
Fighting       | 4 5 6 7 8 9 10 11 13 14 | 14.5
Armour         | 2 3 4 5 6 7 9 10 11 | 11.0
Evocations     | 1 2 3 6 7 |  7.0
Throwing       | 1 |  1.0
Invocations    | 6 7 |  7.1
Dodging        | 4 6 8 9 |  9.0
Stealth        | 4 6 |  6.0
Bows           | 2 5 7 |  7.3
Spellcasting   | 4 7 |  7.2
Conjurations   | 4 7 |  7.3
Translocations | 4 6 |  6.6

Action                   |  1- 3 |  4- 6 |  7- 9 | 10-12 | 13-15 | 16-18 || total
-------------------------+-------+-------+-------+-------+-------+-------++-------
Melee: Mace              |    78 |    65 |   320 |   398 |       |       ||   861
       Kick              |     9 |    45 |    95 |   214 |    68 |       ||   431
       Hunting sling     |       |    87 |       |       |       |       ||    87
       Great mace        |       |       |       |   186 |  1353 |   664 ||  2203
       Shortbow          |       |       |       |       |    30 |       ||    30
       Demon whip        |       |       |       |       |       |     5 ||     5
 Fire: Shortbow          |       |       |       |       |    30 |    53 ||    83
Throw: Stone             |       |       |     4 |    47 |     5 |       ||    56
 Cast: Blink             |       |       |       |       |     1 |     1 ||     2
       Magic Dart        |       |       |       |       |       |    40 ||    40
Invok: Bend Space        |       |       |     1 |    24 |     3 |    10 ||    38
       Banish            |       |       |       |     3 |     4 |     6 ||    13
       Corrupt           |       |       |       |       |       |     1 ||     1
 Abil: Evoke Flight      |       |       |     3 |       |       |       ||     3
Evoke: Wand              |       |       |     1 |    16 |    25 |     8 ||    50
  Use: Potion            |     4 |     4 |     4 |     3 |     4 |     4 ||    23
       Scroll            |     3 |     7 |     8 |    10 |    14 |     9 ||    51
 Stab: Invisible         |       |       |     1 |       |       |       ||     1
       Confused          |       |       |       |     5 |     2 |     1 ||     8
  Eat: Chunk             |       |     7 |    26 |    19 |    47 |    15 ||   114
       Fruit             |       |     1 |       |     1 |     4 |    14 ||    20
       Meat ration       |       |       |       |       |       |     1 ||     1
       Bread ration      |       |       |       |       |       |     1 ||     1
Armor: Scale mail        |    56 |     4 |       |       |       |       ||    60
       Plate armour      |       |   128 |   193 |   321 |   922 |   529 ||  2093
Dodge: Dodged            |    54 |    35 |    79 |   221 |   864 |   411 ||  1664
Block: Other             |       |       |       |       |       |    78 ||    78
